 Dungeon Crawl Stone Soup version 0.32-a0-530-gb6d6f0d0ac (webtiles) character file.

Game seed: 15441866833165123604

699 GordonOverkill the Cleaver (level 7, -2/52 HPs)
             Began as a Coglin Delver on Feb 27, 2024.
             Splashed by a jelly's acid (6 damage)
             ... on level 4 of the Dungeon.
             The game lasted 00:08:33 (3663 turns).

GordonOverkill the Cleaver (Coglin Delver)          Turns: 3663, Time: 00:08:33

Health: -2/52      AC: -5    Str: 14    XL:     7   Next: 65%
Magic:  7/7        EV:  7    Int:  9    God:
Gold:   244        SH:  0    Dex: 16    Spells: 6/6 levels left

rFire   . . .        t - +0 whip (venom) {Bangon}
rCold   . . .        f - +2 whip (pain) {Rana}
rNeg    . . .        i - +0 chain mail
rPois   .            (no helmet)
rElec   .            (no cloak)
rCorr   .            (no gloves)
SInv    .            r - +2 pair of boots
Will    .....        (no amulet) Stlth
                     (ring unavailable)
HPRegen 0.28/turn    (ring unavailable)
MPRegen 0.10/turn

%: no passive effects
@: corroded, revved
A: off-hand wielding, slow wielding, warmup strikes, no rings
a: no special abilities


You were on level 4 of the Dungeon.
You visited 1 branch of the dungeon, and saw 6 of its levels.
You also visited: Sewer.

You collected 244 gold pieces.

Inventory:

Hand Weapons
 a - a +0 hand axe {Qiuyue}
 f - a +2 whip of pain (offhand) {Rana}
 t - a +0 whip of venom (weapon) {Bangon}
Missiles
 h - 7 poisoned darts (quivered)
 s - 4 boomerangs
Armour
 i - a +0 chain mail (worn)
 r - a +2 pair of boots (worn)
Wands
 b - a wand of flame (25)
 g - a wand of digging (2)
Scrolls
 c - 2 scrolls of fog
 d - 2 scrolls of teleportation {unknown}
 e - a scroll of vulnerability {unknown}
 j - a scroll of enchant armour
 q - a scroll of revelation
 u - a scroll of amnesia {unknown}
Potions
 l - 2 potions of enlightenment
 m - a potion of curing
 o - a potion of lignification
 p - a potion of cancellation


   Skills:
 - Level 3.0 Fighting
 + Level 8.4 Axes
 - Level 1.7 Dodging
 - Level 4.1 Stealth


You had 6 spell levels left.
You didn't know any spells.
Your spell library contained the following spells:

 Spells                   Type           Power      Damage    Failure   Level
 Sublimation of Blood     Necr           0%         N/A       100%        2
 Call Canine Familiar     Summ           0%         N/A       100%        3
 Sigil of Binding         Hex            0%         N/A       100%        3
 Dimensional Bullseye     Hex/Tloc       0%         N/A       100%        4
 Petrify                  Alch/Erth      0%         N/A       100%        4
 Irradiate                Conj/Alch      0%         3d11      100%        5


Dungeon Overview and Level Annotations

Branches:
Dungeon (6/15)              Sewer (visited)
 Temple: D:4-7

Altars:
Kikubaaqudgha

Annotations:
D:5 1 runed translucent door


Innate Abilities, Weirdness & Mutations

You can wield a second weapon in your off-hand.
It takes a long time for you to wield or remove held weapons.
Your first few attacks do less damage.
Your grasper-arms cannot wear rings.


Message History

* * * LOW HITPOINT WARNING * * *
The jelly is heavily wounded.
You hit the jelly but do no damage.
Your graspers burn!
* * * LOW HITPOINT WARNING * * *
The jelly hits you.
* * * LOW HITPOINT WARNING * * *
You are splashed with acid!
* * * LOW HITPOINT WARNING * * *
Something hits you.
* * * LOW HITPOINT WARNING * * *
Something hits you.
* * * LOW HITPOINT WARNING * * *
Okay, then.
You feel much better. Something hits you.
* * * LOW HITPOINT WARNING * * *
The jelly hits you but does no damage.
You hit the jelly but do no damage.
Your graspers burn!
* * * LOW HITPOINT WARNING * * *
The jelly is heavily wounded.
You hit the jelly with your +0 whip of venom.
The jelly is poisoned.
The acid corrodes you!
Your graspers burn!
* * * LOW HITPOINT WARNING * * *
Something hits you.
* * * LOW HITPOINT WARNING * * *
The jelly closely misses you.
You barely miss the jelly with your +2 whip of pain.
The jelly is severely wounded.
You hit the jelly but do no damage.
Your graspers burn!
* * * LOW HITPOINT WARNING * * *
Something hits you.
* * * LOW HITPOINT WARNING * * *
You hit the jelly but do no damage.
Your graspers burn!
* * * LOW HITPOINT WARNING * * *
The jelly is severely wounded.
You hit the jelly but do no damage. The acid corrodes you!
Your graspers burn!
* * * LOW HITPOINT WARNING * * *
The jelly hits you.
* * * LOW HITPOINT WARNING * * *
You are splashed with acid.
You die...

.#.###..####..#.....#
................#####
....................#
......#####.#.......#
......#.....#.......#
##'####.....'.......#
............#.......#
............#)....###
##...########..{@.#
##...##.... #..J..#
#.......... #..)..#
........... #.....#
###.###+### #.....#
........... ......#
..................#
..................#
..................#


You could see a jelly (very poisoned).

Vanquished Creatures
  Grinder (D:4)
  An ogre (D:4)
  A kobold brigand (Sewer)
  A scorpion (D:3)
  A hound (D:4)
  An orc priest (D:4)
  An iguana (D:4)
  Ijyb (D:4)
  Terence (D:2)
  5 river rats (Sewer)
  5 adders
  4 dart slugs
  2 orcs
  4 ball pythons
  2 endoplasms
  5 giant cockroaches
  5 goblins
  7 hobgoblins
  7 jackals
  8 kobolds
  2 quokkas
  2 bats
  3 frilled lizards
  6 rats
76 creatures vanquished.

Notes
Turn   | Place    | Note
-------+----------+-------------------------------------------
     0 | D:5      | GordonOverkill the Coglin Delver began the quest for the
                  | Orb.
     0 | D:5      | Reached XP level 1. HP: 18/18 MP: 1/1
    31 | D:6      | Reached XP level 2. HP: 15/24 MP: 2/2
   135 | D:6      | Noticed a phantom
   202 | D:5      | Found a runed translucent door.
   202 | D:5      | Noticed an ogre
   231 | D:4      | Noticed an ogre
   231 | D:4      | Noticed a scorpion
   315 | D:3      | Reached skill level 3 in Axes
   335 | D:3      | Found a glowing drain.
   345 | D:3      | Reached XP level 3. HP: 29/29 MP: 3/3
   477 | Sewer    | Entered a sewer
   484 | Sewer    | Reached skill level 4 in Axes
   489 | Sewer    | Reached XP level 4. HP: 18/35 MP: 4/4
   647 | Sewer    | Noticed a kobold brigand
   745 | Sewer    | Killed a kobold brigand
   746 | Sewer    | Reached skill level 5 in Axes
   746 | Sewer    | Reached XP level 5. HP: 36/41 MP: 5/5
   832 | Sewer    | Found a white marble altar of Elyvilon.
  1101 | D:2      | Identified the +1 robe of Too Many Cooks {Str+4}
  1136 | D:2      | Noticed Terence
  1147 | D:2      | Killed Terence
  1729 | D:1      | Reached skill level 6 in Axes
  1789 | D:1      | Reached XP level 6. HP: 47/47 MP: 6/6
  2943 | D:4      | Noticed Grinder
  3141 | D:4      | Paralysed by Grinder for 4 turns
  3148 | D:4      | Reached skill level 7 in Axes
  3151 | D:4      | Paralysed by Grinder for 3 turns
  3155 | D:4      | Killed Grinder
  3156 | D:4      | Reached XP level 7. HP: 52/52 MP: 7/7
  3232 | D:4      | Reached skill level 8 in Axes
  3330 | D:4      | Noticed Ijyb
  3375 | D:4      | Killed Ijyb
  3552 | D:4      | Found an ancient bone altar of Kikubaaqudgha.
  3663 | D:4      | Splashed by a jelly's acid

Illustrated notes

Levels and vault maps discovered:
D:1:      lightli_arrival_noodles, layout_loops_ring
D:2:      layout_loops_ring, uniq_terence
D:3:      layout_basic, gup_sewer_entry_glass, minmay_statues_item
D:4:      layout_gridville, nicolae_kikubaaqudgha_miasma_corner,
          solitary_fountain, minmay_close_crescents, uniq_grinder, uniq_ijyb
D:5:      minmay_evil_eye, layout_loops_ring, gammafunk_temple_overflow_pools,
          ebering_ghost_sewer_d
D:6:      layout_cave_pools, gammafunk_ghost_cemetery

Skill      XL: |  1  2  3  4  5  6  7 |
---------------+----------------------+-----
Axes           | 3 4 5 6 7 8 |  8.4
Fighting       | |  3.0
Dodging        | |  1.7
Stealth        | |  4.1

Action                     |  1- 3 |  4- 6 |  7- 9 || total
---------------------------+-------+-------+-------++-------
  Melee: Hand axe          |    43 |    90 |       ||   133
         Whip              |       |   113 |    84 ||   197
  Evoke: Wand              |     1 |       |       ||     1
    Use: Scroll            |     1 |     5 |     1 ||     7
         Potion            |     2 |     2 |     1 ||     5
 Armour: Leather armour    |     8 |       |       ||     8
         Chain mail        |    32 |    82 |    50 ||   164
         Skin              |       |    14 |       ||    14
  Dodge: Dodged            |    28 |    53 |     8 ||    89
         Repelled          |       |     1 |       ||     1

Table legend: (Time is in decaauts)
 A = Elapsed time spent in this place.
 B = Non-inter-level travel time spent in this place.
 C = Inter-level travel time spent in this place.
 D = Time resting spent in this place.
 E = Time spent auto-exploring this place.
 F = Levels seen in this place.
 G = Mean time per level.
                   A        B        C        D        E       F      G
               +--------+--------+--------+--------+--------+-----+--------+
         Total |   3705 |   3439 |    266 |    562 |   1990 |   7 |  529.3 |
       Dungeon |   3277 |   3011 |    266 |    433 |   1889 |   6 |  546.2 |
         Sewer |    427 |    427 |      0 |    129 |    101 |   1 |  427.0 |
               +--------+--------+--------+--------+--------+-----+--------+

Top non-repeatable levels by time:
     D:3: 1279 daAuts
     D:1: 644 daAuts
     D:2: 581 daAuts
     D:4: 559 daAuts
   Sewer: 427 daAuts
     D:6: 149 daAuts
     D:5: 63 daAuts
